 Dungeon Crawl Stone Soup version 0.31.0-4-g52a2dc7128 (webtiles) character file.

Game seed: 8918355900488091062

104 zenocrate the Sneak (level 4, -1/21 HPs)
             Began as a Vine Stalker Enchanter on Jan 22, 2024.
             Slain by an adder (2 damage)
             ... in a sewer.
             The game lasted 00:02:35 (1595 turns).

zenocrate the Sneak (Vine Stalker Enchanter)        Turns: 1595, Time: 00:02:36

Health: -1/21      AC:  4    Str: 11    XL:     4   Next: 80%
Magic:  0/8        EV: 12    Int: 15    God:
Gold:   92         SH:  0    Dex: 16    Spells: 2/7 levels left

rFire   . . .        a - +1 dagger
rCold   . . .        (no shield)
rNeg    . . .        b - +0 robe
rPois   .            h - +1 helmet
rElec   .            (no cloak)
rCorr   .            (no gloves)
SInv    .            (no boots)
Will    .....        (no amulet)
Stlth   +++          (no ring)
HPRegen 1.03/turn    (no ring)
MPRegen 0.11/turn

%: guardian spirit
@: lethally poisoned (-1 -> -1)
A: fangs 2, regeneration 1, magic shield, antimagic bite, no potion heal 2
a: no special abilities


You were in a sewer.
You visited 1 branch of the dungeon, and saw 3 of its levels.
You also visited: Sewer.

You collected 92 gold pieces.

Inventory:

Hand Weapons
 a - a +1 dagger (weapon)
Armour
 b - a +0 robe (worn)
 h - a +1 helmet (worn)
Scrolls
 d - a scroll of fear
 e - a scroll of teleportation {unknown}
Potions
 c - a potion of invisibility
 f - a potion of haste {unknown}
 g - a potion of curing
 i - a potion of mutation {unknown}
 j - a potion of heal wounds {unknown}
 k - a potion of enlightenment {unknown}


   Skills:
 + Level 1.7 Short Blades
 + Level 2.2 Dodging
 + Level 4.4 Stealth
 - Level 2.1 Spellcasting
 + Level 3.4 Hexes
 * Level 2.1 Ice Magic


You had 2 spell levels left.
You knew the following spells:

 Your Spells              Type           Power      Damage    Failure   Level
a - Ensorcelled Hibernat  Hex/Ice        18%        N/A       11%         2
b - Confusing Touch       Hex            12%        N/A       16%         3

Your spell library contained the following spells:

 Spells                   Type           Power      Damage    Failure   Level
 Tukima's Dance           Hex            12%        N/A       16%         3
 Dazzling Flash           Conj/Hex       12%        N/A       32%         3


Dungeon Overview and Level Annotations

Branches:
Dungeon (4/15)              Sewer (1/1)
 Temple: D:4-7

Altars:


Innate Abilities, Weirdness & Mutations

You have extremely sharp teeth.
Your natural rate of healing is unusually fast.
When hurt, damage is shared between your health and your magic reserves.
Your bite disrupts and absorbs the magic of your enemies.
Potions cannot restore your health.


Message History

You barely miss the jackal. Your bite misses the jackal. The jackal bites you.
An adder comes into view.
The jackal bites you but does no damage.
The adder hisses angrily.
You hit the jackal but do no damage. You bite the jackal, but do no damage.
The jackal closely misses you.
You hit the jackal.
The jackal is lightly wounded.
The jackal closely misses you.
Unknown command.
You barely miss the jackal. Your bite misses the jackal.
The jackal is lightly wounded.
The jackal bites you.
The jackal bites you but does no damage.
You hit the jackal. Your bite misses the jackal.
The jackal is heavily wounded.
The jackal misses you. The adder bites you.
You are poisoned.
The adder poisons you!
Unknown command.
You barely miss the jackal.
The jackal is heavily wounded.
You feel sick. The jackal barely misses you. The adder closely misses you.
Unknown command.
You closely miss the jackal. Your bite misses the jackal.
The jackal is heavily wounded.
You feel sick. The jackal closely misses you. The adder bites you.
* * * LOW HITPOINT WARNING * * *
Unknown command.
Unknown command.
You hit the jackal.
You kill the jackal!
You feel sick. The adder bites you.
* * * LOW HITPOINT WARNING * * *
Unknown command.
Unknown command.
You hit the adder. You bite the adder, but do no damage.
The adder is moderately wounded.
You feel sick. The adder bites you.
You die...

∩.#~#.~.~######
..#~##..~~~~~~#
P.#~###..###### P~#~#
##.~....# P##~#
#.†.~..# P##~#
#.†..P####P# ###~#
##~.P.~~r~~~
########.~.#########~#
~~~~~~~..).†@.~.~..#
######~~..~)†S~~.~~#
#.~..~.~.~~.~~~
#~..~~...~.~...P
#.~~~....~~~~~.~~
#...~~....P..PP...
#..~..~.~.P..#~#...
#..~~.~.PP.~.#~#.~.
.~~..~P...≈≈#


You could see an adder.

Vanquished Creatures
  A river rat (Sewer)
  4 adders
  A dart slug (D:2)
  6 endoplasms
  5 giant cockroaches
  5 hobgoblins
  4 jackals (Sewer)
  3 kobolds
  2 quokkas (D:1)
  7 ball pythons
  3 bats
  5 frilled lizards
  2 goblins (D:1)
  11 rats
59 creatures vanquished.

Notes
Turn   | Place    | Note
-------+----------+-------------------------------------------
     0 | D:1      | zenocrate the Vine Stalker Enchanter began the quest for
                  | the Orb.
     0 | D:1      | Reached XP level 1. HP: 9/9 MP: 4/4
    96 | D:1      | Reached skill level 1 in Short Blades
   107 | D:1      | Found a faded altar of an unknown god.
   223 | D:1      | Reached XP level 2. HP: 13/13 MP: 6/6
   226 | D:1      | Learned a level 2 spell: Ensorcelled Hibernation
   572 | D:1      | Reached skill level 4 in Stealth
   882 | D:1      | Reached XP level 3. HP: 16/16 MP: 7/7
   886 | D:1      | Learned a level 3 spell: Confusing Touch
  1083 | D:2      | Reached skill level 1 in Ice Magic
  1252 | D:2      | You fall into a shaft and drop 2 floors!
  1279 | D:4      | Found a glowing drain.
  1312 | D:4      | Reached XP level 4. HP: 21/21 MP: 1/8
  1321 | Sewer    | Entered a sewer
  1576 | Sewer    | HP: 1/21 [river rat (3)]
  1594 | Sewer    | HP: 1/21 [adder (3)]
  1595 | Sewer    | Slain by an adder

Illustrated notes

Levels and vault maps discovered:
D:1:      evilmike_arrival_hilbert_curve, layout_basic,
          shapermc_ecumenical_altar_mp_ritualfount
D:2:      layout_rooms, amcnicky_mini_corridor_feature
D:4:      layout_gridville, okawaru_altar_gauntlet_db, portal_sewer_entry_a
Sewer:    sewer_co_scattered_pipes

Skill      XL: |  1  2  3  4 |
---------------+-------------+-----
Short Blades   | 1 |  1.7
Stealth        | 4 |  4.4
Ice Magic      | 1 2 |  2.1
Dodging        | 2 |  2.2
Spellcasting   | |  2.1
Hexes          | |  3.4

Action                     |  1- 3 |  4- 6 || total
---------------------------+-------+-------++-------
  Melee: Dagger            |   109 |    62 ||   171
         Bite              |    17 |    14 ||    31
         Punch             |       |     1 ||     1
   Cast: Ensorcelled Hiber |     9 |    11 ||    20
    Use: Scroll            |     4 |       ||     4
         Potion            |     1 |       ||     1
   Stab: Sleeping          |    14 |     7 ||    21
         Invisible         |     1 |       ||     1
 Armour: Robe              |    52 |    76 ||   128
  Dodge: Dodged            |    85 |   103 ||   188
